[Event "January 2 Late 2024"]
[Site "https://www.chess.com"]
[Date "2024.01.02"]
[Round "6"]
[White "Tari, Aryan"]
[Black "Rojas Alarcon, Julian Antonio"]
[Result "1-0"]
[Board "38"]
[TimeControl "180+1"]
[WhiteFideId "1510045"]
[BlackFideId "5107407"]
[WhiteElo "2904"]
[BlackElo "2643"]
[WhiteTeam "NOR"]
[BlackTeam "MEX"]
[WhiteClock "0:00:18"]
[BlackClock "0:00:07"]

1. e4 c5 2. Nf3 d6 3. Bb5+ Bd7 4. c4 Nf6 5. Nc3 g6 6. O-O Bg7 7. Bxd7+ Nbxd7 8. d4 cxd4 9. Nxd4 O-O 10. Be3 a6 11. Rc1 Rc8 12. b3 Qa5 13. Qe2 Rfe8 14. Bd2 Qh5 15. Qxh5 Nxh5 16. Nde2 Nc5 17. Be3 Nd3 18. Rcd1 Nb4 19. Rd2 b5 20. a3 Nc6 21. cxb5 axb5 22. Nxb5 Na5 23. Rb1 Red8 24. f3 Rb8 25. a4 Nf6 26. Rc2 d5 27. e5 Nd7 28. f4 f6 29. e6 Nf8 30. Ned4 Rdc8 31. Rbc1 Rxc2 32. Rxc2 f5 33. Nc6 Nxc6 34. Rxc6 d4 35. Bxd4 Rxb5 36. axb5 Bxd4+ 37. Kf1 Kg7 38. b6 Kf6 39. b7 Ba7 40. Rc8 Nxe6 41. Ra8 1-0

[Event "January 2 Late 2024"]
[Site "https://www.chess.com"]
[Date "2024.01.02"]
[Round "6"]
[White "Bjelobrk, Igor"]
[Black "Tang, Andrew"]
[Result "1-0"]
[Board "39"]
[TimeControl "180+1"]
[WhiteFideId "4300726"]
[BlackFideId "2059630"]
[WhiteElo "2641"]
[BlackElo "2899"]
[WhiteTeam "AUS"]
[BlackTeam "USA"]
[WhiteClock "0:00:35"]
[BlackClock "0:00:12"]

1. d4 d5 2. c4 e6 3. Nf3 Nf6 4. g3 dxc4 5. Bg2 Nc6 6. Qa4 Bd7 7. Qxc4 Na5 8. Qc2 Rc8 9. Nc3 c5 10. O-O b5 11. dxc5 Bxc5 12. a3 Nc4 13. Bg5 h6 14. Bxf6 Qxf6 15. Ne4 Qxb2 16. Qxb2 Nxb2 17. Rfc1 Nc4 18. a4 Bb6 19. axb5 Ke7 20. Rab1 Na3 21. Rxc8 Rxc8 22. Rd1 Bxb5 23. Bf1 Bc6 24. Ned2 Nb5 25. Ne5 Be8 26. e3 Nc3 27. Ra1 f6 28. Nec4 Bc5 29. Nb3 Ba4 30. Nxc5 Rxc5 31. Ra3 Bb5 32. Rxc3 a5 33. Rc2 Ba4 34. Rb2 Bc6 35. Na3 a4 36. Rc2 Kd6 37. Bc4 Be4 38. Rd2+ Kc6 39. Kf1 Kb6 40. Ke1 Ka5 41. Rd4 f5 42. Be2 Rc3 43. Nc4+ Kb4 44. Nd2+ Ka5 45. Nxe4 fxe4 46. Kd2 Rb3 47. Bd1 Rb2+ 48. Bc2 Ra2 49. Rxe4 a3 50. Kc3 1-0

[Event "January 2 Late 2024"]
[Site "https://www.chess.com"]
[Date "2024.01.02"]
[Round "6"]
[White "Ibarra Jerez, Jose Carlos"]
[Black "Espinoza Villanueva, Rodrigo"]
[Result "1-0"]
[Board "40"]
[TimeControl "180+1"]
[WhiteFideId "2226332"]
[BlackFideId "5140188"]
[WhiteElo "2889"]
[BlackElo "2640"]
[WhiteTeam "ESP"]
[BlackTeam "MEX"]
[WhiteClock "0:00:33"]
[BlackClock "0:00:05"]

1. e4 c5 2. Nf3 Nc6 3. Nc3 Nf6 4. d4 cxd4 5. Nxd4 e5 6. Ndb5 d6 7. Bg5 a6 8. Na3 b5 9. Bxf6 gxf6 10. Nd5 f5 11. g3 fxe4 12. Bg2 Bg7 13. Bxe4 Ra7 14. Qh5 h6 15. c3 O-O 16. Ne3 Ne7 17. g4 d5 18. Rd1 Be6 19. Nf5 Bxf5 20. gxf5 f6 21. Rg1 Kh8 22. Rd3 Rd7 23. Bh1 Qe8 24. Qh3 Qf7 25. Nc2 d4 26. b3 Rc8 27. Be4 Rxc3 28. Rxc3 dxc3 29. Qxc3 Qh5 30. Ne3 Qh4 31. Qc2 Kh7 32. Rg2 Rd4 33. Bf3 h5 34. Qc7 Bf8 35. Qb8 Bg7 36. Qe8 Ng8 37. Qg6+ 1-0

[Event "January 2 Late 2024"]
[Site "https://www.chess.com"]
[Date "2024.01.02"]
[Round "6"]
[White "Lobanov, Sergei"]
[Black "Manukyan, Sargis A."]
[Result "1-0"]
[Board "41"]
[TimeControl "180+1"]
[WhiteFideId "24183750"]
[BlackFideId "13303970"]
[WhiteElo "2836"]
[BlackElo "2634"]
[WhiteTeam "FID"]
[BlackTeam "ARM"]
[WhiteClock "0:00:19"]
[BlackClock "0:01:13"]

1. d4 d5 2. c4 e6 3. Nc3 Nf6 4. cxd5 Nxd5 5. e4 Nxc3 6. bxc3 c5 7. Rb1 cxd4 8. cxd4 Nc6 9. Nf3 Bb4+ 10. Bd2 Bxd2+ 11. Qxd2 O-O 12. Bb5 Bd7 13. O-O a6 14. Bd3 b5 15. d5 exd5 16. exd5 Ne7 17. d6 Ng6 18. Rbc1 Rc8 19. Bxg6 hxg6 20. Ne5 Rxc1 21. Rxc1 Be6 22. h3 Qf6 23. Nc6 Kh7 24. d7 Bxd7 25. Qxd7 Qb2 26. Rd1 Qxa2 27. Rd4 Qb1+ 28. Kh2 g5 29. Qe7 Rc8 30. Qd7 Rf8 31. Ne7 Qc2 32. f4 g4 33. Qxg4 Qc5 34. Qh4+ 1-0

[Event "January 2 Late 2024"]
[Site "https://www.chess.com"]
[Date "2024.01.02"]
[Round "6"]
[White "CamillaEffect"]
[Black "Klukin, Kirill"]
[Result "1-0"]
[Board "42"]
[TimeControl "180+1"]
[BlackFideId "24199273"]
[WhiteElo "2639"]
[BlackElo "2829"]
[BlackTeam "RUS"]
[WhiteClock "0:00:05"]
[BlackClock "0:00:00"]

1. e4 c5 2. Nf3 Nc6 3. d4 cxd4 4. Nxd4 e5 5. Nb5 d6 6. N1c3 a6 7. Na3 b5 8. Nd5 Nge7 9. c4 Nxd5 10. cxd5 Nd4 11. Nc2 Nxc2+ 12. Qxc2 Bd7 13. Be3 Be7 14. Bd3 O-O 15. O-O Bg5 16. Qd2 Bxe3 17. Qxe3 Qc7 18. Rac1 Qb7 19. f4 exf4 20. Qxf4 Qb6+ 21. Qf2 Qb7 22. Qf4 Qb6+ 23. Qf2 Qd8 24. Qf4 Qe7 25. Rc7 Rfc8 26. Rfc1 g6 27. Qe3 Rxc7 28. Rxc7 Qd8 29. Qb6 Be8 30. Qb7 Rb8 31. Qa7 Rc8 32. Rxc8 Qxc8 33. Qd4 Qc1+ 34. Bf1 Bd7 35. Kf2 Kf8 36. Be2 Ke7 37. e5 Qc5 38. Qxc5 dxc5 39. Ke3 f6 40. Kf4 g5+ 41. Ke4 fxe5 42. Kxe5 c4 43. d6+ Kd8 44. Kf6 g4 45. Kg5 b4 46. Bxc4 a5 47. Be2 Be6 48. a3 bxa3 49. bxa3 g3 50. hxg3 Kd7 51. Kh6 Bf5 52. Bc4 Kxd6 53. Bg8 Be4 54. Bxh7 Bxg2 55. Bf5 Ke5 56. Bc8 Kd4 57. g4 Bh3 58. Kg5 Kc4 59. Bd7 1-0

[Event "January 2 Late 2024"]
[Site "https://www.chess.com"]
[Date "2024.01.02"]
[Round "6"]
[White "Gubajdullin, Alexei"]
[Black "Yarar, Bora"]
[Result "0-1"]
[Board "43"]
[TimeControl "180+1"]
[WhiteFideId "4141202"]
[BlackFideId "34588400"]
[WhiteElo "2621"]
[BlackElo "2751"]
[WhiteTeam "RUS"]
[BlackTeam "TUR"]
[WhiteClock "0:00:08"]
[BlackClock "0:00:47"]

1. d4 d5 2. Nf3 Nf6 3. Bf4 c5 4. e3 cxd4 5. exd4 Nc6 6. Nbd2 g6 7. c3 Bg7 8. Be2 O-O 9. O-O Nh5 10. Bg5 f6 11. Be3 e5 12. c4 e4 13. Ne1 f5 14. cxd5 Nxd4 15. Bxh5 gxh5 16. Nc4 Qxd5 17. Rc1 Be6 18. Qxh5 Rac8 19. b3 b5 20. Bxd4 Qxd4 21. Rd1 Qf6 22. Nd6 Rcd8 23. Nxb5 Rxd1 24. Qxd1 f4 25. Qc2 Qg6 26. Nd6 Bd5 27. Qc5 Ba8 28. f3 e3 29. Ne4 Kh8 30. Nd3 Bxe4 31. fxe4 e2 32. Re1 f3 33. g3 Qxe4 34. Nf2 Qd4 35. Qc7 Qxf2+ 36. Kxf2 Bd4# 0-1

[Event "January 2 Late 2024"]
[Site "https://www.chess.com"]
[Date "2024.01.02"]
[Round "6"]
[White "Lund, Gunnar"]
[Black "Flores, Diego"]
[Result "0-1"]
[Board "44"]
[TimeControl "180+1"]
[WhiteFideId "1520814"]
[BlackFideId "108049"]
[WhiteElo "2589"]
[BlackElo "2740"]
[WhiteTeam "NOR"]
[BlackTeam "ARG"]
[WhiteClock "0:00:40"]
[BlackClock "0:00:10"]

1. d4 Nf6 2. Bf4 d5 3. e3 Bf5 4. c4 e6 5. Nf3 Bxb1 6. Qxb1 Bb4+ 7. Kd1 O-O 8. Bd3 c5 9. a3 dxc4 10. Bxc4 Ba5 11. b4 cxb4 12. axb4 Bc7 13. Bg5 h6 14. Bh4 Nbd7 15. Ke2 a6 16. g4 b5 17. Bb3 Bd6 18. Qd3 Be7 19. Bc2 g6 20. Rhg1 Rc8 21. g5 Nd5 22. gxh6 Kh8 23. Rxg6 fxg6 24. Qxg6 Rxc2+ 25. Qxc2 Bxh4 26. Qg6 Bf6 27. Rxa6 Qe8 28. Qg4 Rg8 29. Qh3 Qg6 30. Qxe6 Qc2+ 31. Nd2 Nc3+ 32. Kf3 Qd1+ 33. Kf4 Qxd2 34. f3 Qxh2+ 35. Kf5 Qh3+ 36. Kf4 Qh4+ 37. Kf5 Qg5# 0-1

[Event "January 2 Late 2024"]
[Site "https://www.chess.com"]
[Date "2024.01.02"]
[Round "6"]
[White "Lewtak, Damian"]
[Black "Roberson, Peter T"]
[Result "1/2-1/2"]
[Board "45"]
[TimeControl "180+1"]
[WhiteFideId "1141724"]
[BlackFideId "412384"]
[WhiteElo "2726"]
[BlackElo "2583"]
[WhiteTeam "POL"]
[BlackTeam "ENG"]
[WhiteClock "0:00:15"]
[BlackClock "0:00:04"]

1. e4 c5 2. Nf3 d6 3. Bb5+ Bd7 4. Bxd7+ Nxd7 5. O-O Ngf6 6. Qe2 e6 7. c3 Be7 8. d4 O-O 9. e5 Ne8 10. Re1 Qb6 11. Nbd2 cxd4 12. cxd4 Rc8 13. Nf1 Nc7 14. Ng3 Nd5 15. Qe4 dxe5 16. dxe5 Nc5 17. Qe2 Rfd8 18. Bg5 Bxg5 19. Nxg5 h6 20. N5e4 Nxe4 21. Nxe4 Nf4 22. Qg4 Nd3 23. Re3 Qxb2 24. Rf1 Nxe5 25. Qg3 Ng6 26. h4 Qxa2 27. h5 Nf8 28. Qe5 Nd7 29. Qd6 Nc5 30. Nf6+ gxf6 31. Rg3+ Kh7 32. Qe7 e5 33. Qxf6 Rg8 34. Qf5+ Kh8 35. Qxe5+ Kh7 36. Qf5+ Kh8 37. Qf6+ Kh7 38. Qf5+ Kh8 39. Rc1 Qe6 40. Rxg8+ Kxg8 41. Rxc5 Qxf5 42. Rxf5 Ra8 43. Kf1 a5 44. Ke1 a4 45. Rb5 a3 46. Rb1 a2 47. Ra1 b5 48. Kd2 b4 49. Kc2 Kg7 50. Kb3 Kf6 51. f4 Kf5 52. Kb2 Kxf4 53. Rf1+ Kg3 54. Ka1 b3 55. Rf3+ Kxg2 56. Rxb3 Rc8 57. Rb6 Kg3 58. Rxh6 Kg4 59. Rf6 Rc7 60. h6 Kg5 61. h7 Rc1+ 62. Kxa2 Rh1 63. Rxf7 Kg6 64. Rc7 Rxh7 65. Rc6+ Kg5 66. Kb3 Rg7 67. Kc3 Rd7 68. Kc4 Kg4 69. Rc5 Kf4 70. Rd5 Rxd5 71. Kxd5 1/2-1/2

[Event "January 2 Late 2024"]
[Site "https://www.chess.com"]
[Date "2024.01.02"]
[Round "6"]
[White "Kochiev, Ivan"]
[Black "Rastbod, Ali"]
[Result "0-1"]
[Board "46"]
[TimeControl "180+1"]
[WhiteFideId "2917890"]
[BlackFideId "12567477"]
[WhiteElo "2566"]
[BlackElo "2723"]
[WhiteTeam "BUL"]
[BlackTeam "IRI"]
[WhiteClock "0:00:00"]
[BlackClock "0:00:06"]

1. e4 d6 2. d4 Nf6 3. Bd3 c5 4. c3 Nc6 5. Ne2 g6 6. f4 Bg7 7. O-O O-O 8. h3 cxd4 9. cxd4 Nb4 10. Nbc3 Nxd3 11. Qxd3 d5 12. e5 Bf5 13. Qb5 Ne4 14. Qxd5 Nxc3 15. Nxc3 Qb6 16. Qc5 Qa6 17. Rd1 e6 18. Qb5 Qxb5 19. Nxb5 Be4 20. Bd2 Rfd8 21. Bb4 a6 22. Nd6 Bd5 23. a4 h5 24. Rac1 Rd7 25. Rd3 Bh6 26. Bd2 f6 27. b4 Rf8 28. Be3 h4 29. Rc5 Kh7 30. Rc1 Bg7 31. Bf2 g5 32. fxg5 fxe5 33. dxe5 Bxe5 34. Nc4 Bh2+ 35. Kxh2 Rxf2 36. Nb6 Rxg2+ 37. Kh1 Rd2+ 38. Rxd5 R7xd5 39. Rc7+ Kg6 40. Nxd5 exd5 41. Rxb7 Kh5 42. b5 axb5 43. axb5 Kxg5 44. b6 Rb2 45. Rd7 Rxb6 46. Rxd5+ Kf4 47. Rd3 Rb2 48. Ra3 Re2 49. Rc3 Ke4 50. Ra3 Kd4 51. Ra4+ Ke3 52. Rxh4 Kf3 53. Rg4 Re1+ 54. Kh2 Re2+ 55. Kh1 Rd2 56. Rg1 Rc2 57. h4 Rc4 58. Rf1+ Kg3 59. Rd1 Rc3 60. h5 Kf2 61. Kh2 Rc5 62. Kh3 Kf3 63. Kh4 Kf4 64. Kh3 Rc3+ 65. Kg2 Kg5 66. Rh1 Kh6 67. Kf2 Rc2+ 68. Kg3 Rc5 69. Kg4 Ra5 70. Kg3 Ra4 71. Kh3 Rb4 72. Kg3 Kg5 73. Rh4 Rxh4 0-1

[Event "January 2 Late 2024"]
[Site "https://www.chess.com"]
[Date "2024.01.02"]
[Round "6"]
[White "Tao, Sihan"]
[Black "Bardyk, Artem"]
[Result "1/2-1/2"]
[Board "47"]
[TimeControl "180+1"]
[WhiteFideId "30982677"]
[BlackFideId "34349979"]
[WhiteElo "2522"]
[BlackElo "2721"]
[WhiteTeam "USA"]
[BlackTeam "RUS"]
[WhiteClock "0:01:29"]
[BlackClock "0:00:07"]

1. e4 e5 2. Nf3 Nc6 3. Nc3 Nf6 4. d4 exd4 5. Nxd4 Bb4 6. Nxc6 bxc6 7. Bd3 d5 8. Bd2 O-O 9. O-O Bxc3 10. Bxc3 dxe4 11. Bxf6 Qxf6 12. Bxe4 Qxb2 13. Bxc6 Rb8 14. Rb1 Qxb1 15. Qxb1 Rxb1 16. Rxb1 Rd8 17. Bf3 g5 18. h3 Kf8 19. Rb8 Ke7 20. Ra8 a6 21. Kf1 Be6 22. Rxd8 Kxd8 23. a3 Ke7 24. Ke2 Kd6 25. Kd3 a5 26. Kc3 c5 27. Be4 h6 28. Bd3 Ke5 29. Bc4 Bd5 30. Bxd5 Kxd5 31. a4 h5 32. Kd3 c4+ 33. Ke3 f5 34. g3 Ke5 35. f4+ gxf4+ 36. gxf4+ Kd5 37. c3 h4 38. Ke2 Kc5 39. Ke3 Kd5 40. Ke2 Kc5 41. Ke3 Kd5 1/2-1/2

[Event "January 2 Late 2024"]
[Site "https://www.chess.com"]
[Date "2024.01.02"]
[Round "6"]
[White "Sukandar, Irine Kharisma"]
[Black "Makridis, Dimitrios"]
[Result "0-1"]
[Board "48"]
[TimeControl "180+1"]
[WhiteFideId "7101937"]
[BlackFideId "25864475"]
[WhiteElo "2481"]
[BlackElo "2717"]
[WhiteTeam "INA"]
[BlackTeam "GRE"]
[WhiteClock "0:00:00"]
[BlackClock "0:00:09"]

1. d4 c5 2. d5 d6 3. e4 Nf6 4. Nc3 g6 5. Nf3 Bg7 6. Nd2 O-O 7. Nc4 Nbd7 8. a4 Nb6 9. a5 Nxc4 10. Bxc4 Ng4 11. Be2 f5 12. exf5 gxf5 13. Bf4 Ne5 14. O-O Ng6 15. Bg5 h6 16. Bc1 f4 17. Ra4 Bd7 18. Rc4 a6 19. Bh5 Bf5 20. Bxf4 Bxc2 21. Qg4 Nxf4 22. Rxf4 Rxf4 23. Qxf4 Qf8 24. Qd2 Bf5 25. Re1 Qf6 26. Bf3 Rf8 27. Be4 Bxe4 28. Rxe4 Qf5 29. Re3 Bd4 30. Rg3+ Bg7 31. f3 Kh8 32. Ne4 Bd4+ 33. Kh1 Kh7 34. h3 Qxe4 35. Rg7+ Kxg7 36. fxe4 Rf1+ 37. Kh2 Be5+ 38. g3 Rf3 39. h4 c4 40. Qe2 Rxg3 41. Kh1 Rh3+ 42. Kg1 Rxh4 43. Qxc4 Rg4+ 44. Kf1 h5 0-1

[Event "January 2 Late 2024"]
[Site "https://www.chess.com"]
[Date "2024.01.02"]
[Round "6"]
[White "Han, Yichen"]
[Black "Mizzi, Jack"]
[Result "1-0"]
[Board "49"]
[TimeControl "180+1"]
[WhiteFideId "1054430"]
[BlackFideId "5602521"]
[WhiteElo "2704"]
[BlackElo "2459"]
[WhiteTeam "NED"]
[BlackTeam "MLT"]
[WhiteClock "0:00:06"]
[BlackClock "0:00:00"]

1. e4 c6 2. Nf3 d5 3. Nc3 dxe4 4. Nxe4 Bg4 5. Bc4 e6 6. h3 Bxf3 7. Qxf3 Nf6 8. Nxf6+ Qxf6 9. Qxf6 gxf6 10. Rb1 a5 11. b3 Bd6 12. Bb2 Nd7 13. a4 Rg8 14. O-O Ke7 15. d4 Rg6 16. Bd3 f5 17. Rfe1 Rag8 18. Bf1 Nf6 19. c4 Ne4 20. Re2 Bb4 21. Rd1 Rd8 22. Rd3 h5 23. h4 Bd6 24. d5 cxd5 25. cxd5 Bc5 26. Bd4 Rxd5 27. Bxc5+ Rxc5 28. Re1 Rc2 29. Rf3 Nd2 30. Rxf5 Nxf1 31. Kxf1 Rf6 32. Rxf6 Kxf6 33. Re3 b6 34. g3 Kf5 35. Kg2 e5 36. Rd3 Rb2 37. Rc3 Ke4 38. Kf1 Kd4 39. Rf3 e4 40. Rxf7 Rxb3 41. Rf5 Ra3 42. Rb5 Rxa4 43. Rxb6 Ra1+ 44. Ke2 Ra2+ 45. Kf1 a4 46. Rh6 Ra1+ 47. Ke2 Ra2+ 48. Kf1 Ra1+ 49. Kg2 Ra2 50. Kg1 Ra1+ 51. Kg2 Ra2 52. Rxh5 e3 53. Rf5 Rxf2+ 54. Rxf2 exf2 55. Kxf2 a3 56. h5 a2 57. h6 a1=N 58. h7 1-0

[Event "January 2 Late 2024"]
[Site "https://www.chess.com"]
[Date "2024.01.02"]
[Round "6"]
[White "Syaputra, Arifa Rizki"]
[Black "Sroczynski, Maciej"]
[Result "1/2-1/2"]
[Board "50"]
[TimeControl "180+1"]
[WhiteFideId "7105100"]
[BlackFideId "1121472"]
[WhiteElo "2703"]
[BlackElo "2431"]
[WhiteTeam "INA"]
[BlackTeam "POL"]
[WhiteClock "0:00:13"]
[BlackClock "0:00:08"]

1. e4 c5 2. Nf3 d6 3. d4 cxd4 4. Nxd4 Nf6 5. Nc3 a6 6. h3 e5 7. Nf3 Qc7 8. Bg5 Nbd7 9. a4 b6 10. Bd3 Be7 11. O-O Bb7 12. Re1 O-O 13. Qe2 h6 14. Bh4 Nc5 15. Bxf6 Bxf6 16. Bc4 Ne6 17. Bd5 Nf4 18. Qd2 Bxd5 19. Nxd5 Nxd5 20. Qxd5 Qxc2 21. b4 Rac8 22. Qxd6 Rc6 23. Qd7 Rd8 24. Qb7 Rdc8 25. Qxa6 Qb3 26. Rab1 Qc4 27. Qxc4 Rxc4 28. Rb3 Ra8 29. Ra1 Rxe4 30. Ra2 Rc4 31. Nd2 Rc1+ 32. Kh2 Bg5 33. Ne4 Be7 34. f3 f5 35. Nc3 Bxb4 36. Rxb4 Rxc3 37. Rxb6 Rc5 38. Rb4 Kh7 39. Rb7 Rca5 40. Rd2 Rxa4 41. Rdd7 Rg8 42. Rd5 e4 43. Rxf5 exf3 44. Rxf3 Ra6 45. Rff7 Rg6 46. h4 Ra8 47. Ra7 Rb8 48. Rab7 1/2-1/2

[Event "January 2 Late 2024"]
[Site "https://www.chess.com"]
[Date "2024.01.02"]
[Round "6"]
[White "Petr, Jan"]
[Black "Araujo Sanchez, Josue"]
[Result "0-1"]
[Board "51"]
[TimeControl "180+1"]
[WhiteFideId "345784"]
[BlackFideId "6416896"]
[WhiteElo "2417"]
[BlackElo "2703"]
[WhiteTeam "CZE"]
[BlackTeam "DOM"]
[WhiteClock "0:00:06"]
[BlackClock "0:01:29"]

1. e4 g6 2. h4 Nf6 3. e5 Nh5 4. Be2 Nf4 5. Bf3 d6 6. d4 dxe5 7. dxe5 Qxd1+ 8. Kxd1 Ne6 9. Nh3 Nd7 10. Re1 Bg7 11. Nc3 Nxe5 12. Bd5 c6 13. Bb3 Nd4 14. Bf4 Bxh3 15. gxh3 Nef3 16. Re3 Nxh4 17. Ne4 Ng2 18. Nd6+ Kf8 19. Nxb7 Nxf4 20. c3 Nf5 21. Rf3 g5 22. Na5 c5 23. Kc2 e6 24. Rd1 Bf6 25. Rd7 Kg7 26. Rxf4 gxf4 27. Bxe6 Nh6 28. Nc6 Rhc8 29. Nxa7 Rd8 30. Rc7 Be5 31. Rb7 Rab8 32. Rxb8 Bxb8 33. Nc6 Rd6 34. Nxb8 0-1

[Event "January 2 Late 2024"]
[Site "https://www.chess.com"]
[Date "2024.01.02"]
[Round "6"]
[White "Jing, Andrew"]
[Black "Riff, Vincent"]
[Result "0-1"]
[Board "52"]
[TimeControl "180+1"]
[WhiteFideId "30984076"]
[BlackFideId "617776"]
[WhiteElo "2176"]
[BlackElo "2685"]
[WhiteTeam "USA"]
[BlackTeam "FRA"]
[WhiteClock "0:01:40"]
[BlackClock "0:01:20"]

1. d4 d5 2. Bf4 c5 3. e3 Nc6 4. Nf3 Nf6 5. Nbd2 Bf5 6. c3 e6 7. Bb5 Bd6 8. Ne5 Bxe5 9. Bxe5 O-O 10. Bxc6 bxc6 11. O-O c4 12. f3 Bd3 13. Re1 Nd7 14. Bg3 c5 15. Bd6 Re8 16. dxc5 Rc8 17. b4 e5 18. f4 e4 19. a4 a5 20. Nb1 Qf6 21. Ra3 h5 22. Qxh5 axb4 23. cxb4 Qb2 24. Rxd3 cxd3 25. Qxd5 Qxb4 26. Rc1 Nf6 27. Qa2 Ng4 28. Rc4 Qe1# 0-1

[Event "January 2 Late 2024"]
[Site "https://www.chess.com"]
[Date "2024.01.02"]
[Round "6"]
[White "Shohat, Yotam"]
[Black "Grigoriants, Sergey"]
[Result "0-1"]
[Board "53"]
[TimeControl "180+1"]
[WhiteFideId "2813955"]
[BlackFideId "4130804"]
[WhiteElo "2370"]
[BlackElo "2935"]
[WhiteTeam "ISR"]
[BlackTeam "HUN"]
[WhiteClock "0:00:00"]
[BlackClock "0:00:07"]

1. e4 c5 2. Nc3 Nc6 3. Bb5 Nd4 4. Nf3 e6 5. Nxd4 cxd4 6. Ne2 Qg5 7. a4 Qxg2 8. Ng3 Qh3 9. c3 a6 10. Bf1 Qh4 11. cxd4 Nf6 12. d3 d5 13. Bg2 Be7 14. O-O O-O 15. Qe2 Bd7 16. e5 Ng4 17. h3 Nh6 18. Be3 f5 19. exf6 Rxf6 20. Bxh6 Rxh6 21. Qg4 Qf6 22. Rae1 Bd6 23. Nh5 Qf7 24. Ng3 Rf8 25. f4 Rg6 26. Qf3 Qxf4 27. Qxf4 Rxf4 28. Rxf4 Bxf4 29. Ne2 Bd6 30. Rf1 Bxa4 31. Nf4 Rf6 32. Nxe6 Rxe6 33. Bxd5 Bd7 34. Rf3 g6 35. Kf2 Kg7 36. Bxe6 Bxe6 37. Re3 Kf6 38. Rf3+ Bf5 39. Ke3 Ke6 40. h4 h5 41. Rf1 Be7 42. Rh1 a5 43. Rh2 a4 44. Rc2 Bxh4 45. Rc4 Bg5+ 46. Ke2 b5 47. Rc5 b4 48. Re5+ Kd6 49. Rb5 b3 50. Ra5 Bc1 51. Rxa4 Bxb2 52. Ra6+ Kd5 53. Rb6 Bxd4 54. Rxb3 Bg4+ 55. Kd2 Ke5 56. Rb5+ Kf6 57. Rb4 Bc5 58. Rc4 Bd6 59. d4 h4 60. d5 Kf5 61. Rc6 Bf4+ 62. Kd3 Bf3 63. Kd4 h3 64. Rc2 h2 65. Rxh2 Bxh2 66. Kc5 g5 0-1

[Event "January 2 Late 2024"]
[Site "https://www.chess.com"]
[Date "2024.01.02"]
[Round "6"]
[White "Santos Latasa, Jaime"]
[Black "Banerjee, Supratit"]
[Result "1-0"]
[Board "54"]
[TimeControl "180+1"]
[WhiteFideId "2293307"]
[BlackFideId "2410079"]
[WhiteElo "2910"]
[BlackElo "2564"]
[WhiteTeam "ESP"]
[BlackTeam "SCO"]
[WhiteClock "0:00:30"]
[BlackClock "0:00:00"]

1. Nf3 d5 2. e3 c5 3. b3 Nf6 4. Bb2 e6 5. c4 Be7 6. cxd5 exd5 7. d4 O-O 8. Be2 b6 9. O-O Bb7 10. Nc3 Nbd7 11. Rc1 Rc8 12. dxc5 bxc5 13. Re1 Nb6 14. Bd3 Qd7 15. Ne2 Rfd8 16. Ng3 Ne4 17. Rc2 h6 18. Qa1 Nxg3 19. hxg3 Bf8 20. Rec1 Qe6 21. Nh4 Rc7 22. Be5 Re7 23. Bb2 Rc7 24. Qb1 c4 25. Bf1 Rcc8 26. Nf3 a5 27. Bd4 Bc5 28. bxc4 dxc4 29. Bxc4 Nxc4 30. Qxb7 Nd6 31. Qb3 Bxd4 32. Nxd4 Qxb3 33. axb3 Rxc2 34. Rxc2 Ne4 35. Ra2 Rd5 36. g4 h5 37. f3 Nc3 38. Rc2 Nd1 39. Nf5 Kh7 40. e4 Rd3 41. gxh5 Rxb3 42. Rc7 Kg8 43. Ra7 Rb5 44. h6 g6 45. Nd6 Rh5 46. Nxf7 Ne3 47. Nd6 Rxh6 48. Rxa5 Nc2 49. Nc4 Nd4 50. Rd5 Ne6 51. Rd7 Nf4 52. Ne3 g5 53. Kf2 Rb6 54. Rd2 Rb3 55. Nd5 Nd3+ 56. Kg3 Kf7 57. Kg4 Kg6 58. Rc2 Ne5+ 59. Kg3 g4 60. Kf4 Nd3+ 61. Kxg4 Ne5+ 62. Kf4 Nd3+ 63. Kg3 Ne5 64. Rd2 Nc4 65. Re2 Nd6 66. Re3 Rb5 67. Rd3 Kf7 68. Kf4 Ke6 69. g4 Rb8 70. Ne3 Rf8+ 71. Nf5 Nf7 72. g5 Rg8 73. Nh6 1-0

[Event "January 2 Late 2024"]
[Site "https://www.chess.com"]
[Date "2024.01.02"]
[Round "6"]
[White "Matta, Nicholas"]
[Black "Brodsky, David"]
[Result "0-1"]
[Board "55"]
[TimeControl "180+1"]
[WhiteFideId "30914523"]
[BlackFideId "2073250"]
[WhiteElo "2557"]
[BlackElo "2879"]
[WhiteTeam "USA"]
[BlackTeam "USA"]
[WhiteClock "0:00:00"]
[BlackClock "0:00:09"]

1. Nf3 Nf6 2. g3 b5 3. a4 b4 4. Bg2 Bb7 5. O-O g6 6. d4 Bg7 7. Re1 O-O 8. Nbd2 d6 9. e4 Nbd7 10. c3 bxc3 11. bxc3 e5 12. Rb1 Rb8 13. dxe5 Nxe5 14. Nxe5 dxe5 15. Ba3 Re8 16. Nc4 Qxd1 17. Rbxd1 Bc6 18. a5 Ba4 19. Rd2 Bf8 20. Bxf8 Kxf8 21. f4 exf4 22. gxf4 Red8 23. Rd4 Nh5 24. f5 c5 25. Rxd8+ Rxd8 26. fxg6 hxg6 27. e5 Nf4 28. Nd6 Nd3 29. Ra1 Bb3 30. Ne4 c4 31. e6 fxe6 32. Ng5 Ke7 33. Be4 Nf4 34. Rf1 Ne2+ 0-1

[Event "January 2 Late 2024"]
[Site "https://www.chess.com"]
[Date "2024.01.02"]
[Round "6"]
[White "Womacka, Mathias"]
[Black "Remizov, Yaroslav"]
[Result "0-1"]
[Board "56"]
[TimeControl "180+1"]
[WhiteFideId "4611390"]
[BlackFideId "34134015"]
[WhiteElo "2556"]
[BlackElo "2833"]
[WhiteTeam "GER"]
[BlackTeam "RUS"]
[WhiteClock "0:01:05"]
[BlackClock "0:02:49"]

1. e4 c5 2. Nf3 Nc6 3. d4 cxd4 4. Nxd4 Nf6 5. Nc3 e6 6. Ndb5 Bc5 7. Bf4 O-O 8. Bc7 Qe7 9. Bd6 Bxd6 10. Qxd6 Qd8 11. Nc7 Rb8 12. Be2 b5 13. e5 Ne8 14. Nxe8 b4 15. Nxg7 bxc3 16. Nh5 cxb2 17. Nf6+ Qxf6 18. exf6 bxa1=Q+ 19. Kd2 Qd4+ 0-1

[Event "January 2 Late 2024"]
[Site "https://www.chess.com"]
[Date "2024.01.02"]
[Round "6"]
[White "Mekhitarian, Krikor Sevag"]
[Black "Rama, Tejas"]
[Result "1/2-1/2"]
[Board "57"]
[TimeControl "180+1"]
[WhiteFideId "2107660"]
[BlackFideId "30907381"]
[WhiteElo "2831"]
[BlackElo "2553"]
[WhiteTeam "BRA"]
[BlackTeam "USA"]
[WhiteClock "0:00:02"]
[BlackClock "0:00:10"]

1. Nf3 Nf6 2. c4 e6 3. Nc3 d5 4. cxd5 exd5 5. d4 c6 6. Bf4 Bd6 7. Bxd6 Qxd6 8. e3 O-O 9. Qb3 Nbd7 10. Bd3 Re8 11. O-O Ne4 12. Qc2 Ndf6 13. Ne5 Nxc3 14. bxc3 h6 15. Rab1 c5 16. f3 c4 17. Bf5 Bxf5 18. Qxf5 Re7 19. a4 Ne8 20. e4 Qf6 21. Qh3 Qa6 22. exd5 Qxa4 23. f4 Qa5 24. Qf3 Rd8 25. Nxc4 Qxd5 26. Qxd5 Rxd5 27. Rfe1 Kf8 28. Kf2 Rxe1 29. Kxe1 Rd7 30. Kd2 Rc7 31. Kd3 Ke7 32. Ra1 a6 33. Rb1 Nf6 34. g3 Nd5 35. Rb3 b5 36. Ne5 f6 37. Nf3 Nb6 38. Nd2 Kd6 39. Ne4+ Kd5 40. Nc5 Ra7 41. Ra3 a5 42. Rb3 b4 43. cxb4 axb4 44. Rxb4 Ra3+ 45. Rb3 Rxb3+ 46. Nxb3 Nc4 47. Nc1 Nb2+ 48. Kc2 Nc4 49. Kc3 Ne3 50. Ne2 Nf1 51. h3 h5 52. Kd3 h4 53. gxh4 Nh2 54. Ke3 Nf1+ 55. Kf2 Nd2 56. Ke3 Nf1+ 57. Kf3 Nd2+ 58. Kg4 Ke4 59. Ng3+ Kxd4 60. Nf5+ Ke4 61. Nxg7 Nf1 62. h5 Ne3+ 63. Kg3 Nd5 64. Ne6 Kf5 65. Nd4+ Ke4 66. h6 Nxf4 67. h7 Ng6 68. Kg4 Kxd4 69. Kf5 Nh8 70. Kxf6 Kd5 71. Kg7 Ke6 72. h4 Ke7 73. h5 Ke8 74. Kg8 Ke7 75. Kg7 Ke8 76. Kf6 Kf8 77. h6 Ke8 78. Kg7 Ke7 79. Kxh8 Kf8 1/2-1/2

[Event "January 2 Late 2024"]
[Site "https://www.chess.com"]
[Date "2024.01.02"]
[Round "6"]
[White "Lysyj, Igor"]
[Black "Klenburg, Michael"]
[Result "1-0"]
[Board "58"]
[TimeControl "180+1"]
[WhiteFideId "4150120"]
[BlackFideId "14102072"]
[WhiteElo "2805"]
[BlackElo "2549"]
[WhiteTeam "FID"]
[BlackTeam "ISR"]
[WhiteClock "0:01:42"]
[BlackClock "0:00:24"]

1. d4 d6 2. Nf3 Nf6 3. c4 Nbd7 4. Nc3 e5 5. e4 Be7 6. Be2 O-O 7. O-O c6 8. Be3 a6 9. d5 c5 10. Ne1 Ne8 11. Qd2 g6 12. Nd3 Ng7 13. a3 b6 14. b4 f5 15. f3 f4 16. Bf2 g5 17. bxc5 bxc5 18. Rfb1 h5 19. Na4 Rf6 20. Rb3 Rg6 21. Qd1 Rb8 22. Rxb8 Nxb8 23. Rb1 Nd7 24. Qb3 g4 25. Be1 gxf3 26. Bxf3 Bh4 27. Nb6 Bxe1 28. Nxe1 Nxb6 29. Qxb6 Qf8 30. Qc7 Kh7 31. Rb8 Qe8 32. Qxc8 Qa4 33. Qh8# 1-0